Workbook

Sheet Targets
A1: Category | B1: Target margin
A2: Beverages | B2: 0.52
A3: Snacks | B3: 0.5
A4: Candy | B4: 0.5
A5: Dairy | B5: 0.3
A6: Bakery | B6: 0.4
A7: Coffee bar | B7: 0.75
A8: Household | B8: 0.4
A9: Local | B9: 0.45

Sheet Prices
A1: Item | B1: Category | C1: Case cost | D1: Case pack | E1: Unit cost | F1: Target margin | G1: Price at target | H1: Rounded to 9 | I1: Printed price | J1: Competitor | K1: Your price | L1: Margin | M1: Markup | N1: Sold a week | O1: Sales a week | P1: Gross profit a week
A2: Cola, 20 oz | B2: Beverages | C2: 27.6 | D2: 24 | E2: =IF(OR(C2="",N(D2)=0),"",C2/D2) -> 1.15 | F2: =IF(B2="","",IFERROR(VLOOKUP(B2,Targets!A$2:B$40,2,FALSE),"")) -> 0.52 | G2: =IF(OR(E2="",F2="",N(F2)>=1),"",E2/(1-F2)) -> 2.3958333 | H2: =IF(G2="","",ROUNDUP(ROUND((G2+0.01)*10,6),0)/10-0.01) -> 2.49 | J2: 2.49 | K2: 2.49 | L2: =IF(OR(E2="",N(K2)=0),"",(K2-E2)/K2) -> 0.53815261 | M2: =IF(OR(N(E2)=0,N(K2)=0),"",(K2-E2)/E2) -> 1.1652174 | N2: 60 | O2: =IF(OR(N(K2)=0,N2=""),"",K2*N2) -> 149.4 | P2: =IF(OR(E2="",N(K2)=0,N2=""),"",(K2-E2)*N2) -> 80.4
A3: Water, 16.9 oz | B3: Beverages | C3: 4.32 | D3: 24 | E3: =IF(OR(C3="",N(D3)=0),"",C3/D3) -> 0.18 | F3: =IF(B3="","",IFERROR(VLOOKUP(B3,Targets!A$2:B$40,2,FALSE),"")) -> 0.52 | G3: =IF(OR(E3="",F3="",N(F3)>=1),"",E3/(1-F3)) -> 0.375 | H3: =IF(G3="","",ROUNDUP(ROUND((G3+0.01)*10,6),0)/10-0.01) -> 0.39 | J3: 1.29 | K3: 1.29 | L3: =IF(OR(E3="",N(K3)=0),"",(K3-E3)/K3) -> 0.86046512 | M3: =IF(OR(N(E3)=0,N(K3)=0),"",(K3-E3)/E3) -> 6.1666667 | N3: 90 | O3: =IF(OR(N(K3)=0,N3=""),"",K3*N3) -> 116.1 | P3: =IF(OR(E3="",N(K3)=0,N3=""),"",(K3-E3)*N3) -> 99.9
A4: Energy drink, 8.4 oz | B4: Beverages | C4: 34.8 | D4: 24 | E4: =IF(OR(C4="",N(D4)=0),"",C4/D4) -> 1.45 | F4: =IF(B4="","",IFERROR(VLOOKUP(B4,Targets!A$2:B$40,2,FALSE),"")) -> 0.52 | G4: =IF(OR(E4="",F4="",N(F4)>=1),"",E4/(1-F4)) -> 3.0208333 | H4: =IF(G4="","",ROUNDUP(ROUND((G4+0.01)*10,6),0)/10-0.01) -> 3.09 | J4: 3.29 | K4: 3.29 | L4: =IF(OR(E4="",N(K4)=0),"",(K4-E4)/K4) -> 0.55927052 | M4: =IF(OR(N(E4)=0,N(K4)=0),"",(K4-E4)/E4) -> 1.2689655 | N4: 40 | O4: =IF(OR(N(K4)=0,N4=""),"",K4*N4) -> 131.6 | P4: =IF(OR(E4="",N(K4)=0,N4=""),"",(K4-E4)*N4) -> 73.6
A5: Potato chips, 2.6 oz | B5: Snacks | C5: 60.8 | D5: 64 | E5: =IF(OR(C5="",N(D5)=0),"",C5/D5) -> 0.95 | F5: =IF(B5="","",IFERROR(VLOOKUP(B5,Targets!A$2:B$40,2,FALSE),"")) -> 0.5 | G5: =IF(OR(E5="",F5="",N(F5)>=1),"",E5/(1-F5)) -> 1.9 | H5: =IF(G5="","",ROUNDUP(ROUND((G5+0.01)*10,6),0)/10-0.01) -> 1.99 | I5: 2.19 | J5: 2.19 | K5: 2.19 | L5: =IF(OR(E5="",N(K5)=0),"",(K5-E5)/K5) -> 0.56621005 | M5: =IF(OR(N(E5)=0,N(K5)=0),"",(K5-E5)/E5) -> 1.3052632 | N5: 50 | O5: =IF(OR(N(K5)=0,N5=""),"",K5*N5) -> 109.5 | P5: =IF(OR(E5="",N(K5)=0,N5=""),"",(K5-E5)*N5) -> 62
A6: Chocolate bar | B6: Candy | C6: 30.6 | D6: 36 | E6: =IF(OR(C6="",N(D6)=0),"",C6/D6) -> 0.85 | F6: =IF(B6="","",IFERROR(VLOOKUP(B6,Targets!A$2:B$40,2,FALSE),"")) -> 0.5 | G6: =IF(OR(E6="",F6="",N(F6)>=1),"",E6/(1-F6)) -> 1.7 | H6: =IF(G6="","",ROUNDUP(ROUND((G6+0.01)*10,6),0)/10-0.01) -> 1.79 | J6: 1.99 | K6: 1.99 | L6: =IF(OR(E6="",N(K6)=0),"",(K6-E6)/K6) -> 0.57286432 | M6: =IF(OR(N(E6)=0,N(K6)=0),"",(K6-E6)/E6) -> 1.3411765 | N6: 45 | O6: =IF(OR(N(K6)=0,N6=""),"",K6*N6) -> 89.55 | P6: =IF(OR(E6="",N(K6)=0,N6=""),"",(K6-E6)*N6) -> 51.3
A7: Whole milk, gallon | B7: Dairy | C7: 12.4 | D7: 4 | E7: =IF(OR(C7="",N(D7)=0),"",C7/D7) -> 3.1 | F7: =IF(B7="","",IFERROR(VLOOKUP(B7,Targets!A$2:B$40,2,FALSE),"")) -> 0.3 | G7: =IF(OR(E7="",F7="",N(F7)>=1),"",E7/(1-F7)) -> 4.4285714 | H7: =IF(G7="","",ROUNDUP(ROUND((G7+0.01)*10,6),0)/10-0.01) -> 4.49 | J7: 4.59 | K7: 4.49 | L7: =IF(OR(E7="",N(K7)=0),"",(K7-E7)/K7) -> 0.30957684 | M7: =IF(OR(N(E7)=0,N(K7)=0),"",(K7-E7)/E7) -> 0.4483871 | N7: 30 | O7: =IF(OR(N(K7)=0,N7=""),"",K7*N7) -> 134.7 | P7: =IF(OR(E7="",N(K7)=0,N7=""),"",(K7-E7)*N7) -> 41.7
A8: Eggs, dozen | B8: Dairy | C8: 33 | D8: 15 | E8: =IF(OR(C8="",N(D8)=0),"",C8/D8) -> 2.2 | F8: =IF(B8="","",IFERROR(VLOOKUP(B8,Targets!A$2:B$40,2,FALSE),"")) -> 0.3 | G8: =IF(OR(E8="",F8="",N(F8)>=1),"",E8/(1-F8)) -> 3.1428571 | H8: =IF(G8="","",ROUNDUP(ROUND((G8+0.01)*10,6),0)/10-0.01) -> 3.19 | J8: 3.49 | K8: 3.19 | L8: =IF(OR(E8="",N(K8)=0),"",(K8-E8)/K8) -> 0.31034483 | M8: =IF(OR(N(E8)=0,N(K8)=0),"",(K8-E8)/E8) -> 0.45 | N8: 15 | O8: =IF(OR(N(K8)=0,N8=""),"",K8*N8) -> 47.85 | P8: =IF(OR(E8="",N(K8)=0,N8=""),"",(K8-E8)*N8) -> 14.85
A9: White bread, loaf | B9: Bakery | C9: 21 | D9: 12 | E9: =IF(OR(C9="",N(D9)=0),"",C9/D9) -> 1.75 | F9: =IF(B9="","",IFERROR(VLOOKUP(B9,Targets!A$2:B$40,2,FALSE),"")) -> 0.4 | G9: =IF(OR(E9="",F9="",N(F9)>=1),"",E9/(1-F9)) -> 2.9166667 | H9: =IF(G9="","",ROUNDUP(ROUND((G9+0.01)*10,6),0)/10-0.01) -> 2.99 | J9: 3.29 | K9: 2.99 | L9: =IF(OR(E9="",N(K9)=0),"",(K9-E9)/K9) -> 0.41471572 | M9: =IF(OR(N(E9)=0,N(K9)=0),"",(K9-E9)/E9) -> 0.70857143 | N9: 18 | O9: =IF(OR(N(K9)=0,N9=""),"",K9*N9) -> 53.82 | P9: =IF(OR(E9="",N(K9)=0,N9=""),"",(K9-E9)*N9) -> 22.32
A10: Coffee, 12 oz cup | B10: Coffee bar | C10: 0.42 | D10: 1 | E10: =IF(OR(C10="",N(D10)=0),"",C10/D10) -> 0.42 | F10: =IF(B10="","",IFERROR(VLOOKUP(B10,Targets!A$2:B$40,2,FALSE),"")) -> 0.75 | G10: =IF(OR(E10="",F10="",N(F10)>=1),"",E10/(1-F10)) -> 1.68 | H10: =IF(G10="","",ROUNDUP(ROUND((G10+0.01)*10,6),0)/10-0.01) -> 1.69 | J10: 1.99 | K10: 1.89 | L10: =IF(OR(E10="",N(K10)=0),"",(K10-E10)/K10) -> 0.77777778 | M10: =IF(OR(N(E10)=0,N(K10)=0),"",(K10-E10)/E10) -> 3.5 | N10: 120 | O10: =IF(OR(N(K10)=0,N10=""),"",K10*N10) -> 226.8 | P10: =IF(OR(E10="",N(K10)=0,N10=""),"",(K10-E10)*N10) -> 176.4
A11: Paper towels, 2 rolls | B11: Household | C11: 19.2 | D11: 12 | E11: =IF(OR(C11="",N(D11)=0),"",C11/D11) -> 1.6 | F11: =IF(B11="","",IFERROR(VLOOKUP(B11,Targets!A$2:B$40,2,FALSE),"")) -> 0.4 | G11: =IF(OR(E11="",F11="",N(F11)>=1),"",E11/(1-F11)) -> 2.6666667 | H11: =IF(G11="","",ROUNDUP(ROUND((G11+0.01)*10,6),0)/10-0.01) -> 2.69 | J11: 2.99 | K11: 2.69 | L11: =IF(OR(E11="",N(K11)=0),"",(K11-E11)/K11) -> 0.40520446 | M11: =IF(OR(N(E11)=0,N(K11)=0),"",(K11-E11)/E11) -> 0.68125 | N11: 10 | O11: =IF(OR(N(K11)=0,N11=""),"",K11*N11) -> 26.9 | P11: =IF(OR(E11="",N(K11)=0,N11=""),"",(K11-E11)*N11) -> 10.9
A12: Memphis hot sauce, 5 oz | B12: Local | C12: 54 | D12: 12 | E12: =IF(OR(C12="",N(D12)=0),"",C12/D12) -> 4.5 | F12: =IF(B12="","",IFERROR(VLOOKUP(B12,Targets!A$2:B$40,2,FALSE),"")) -> 0.45 | G12: =IF(OR(E12="",F12="",N(F12)>=1),"",E12/(1-F12)) -> 8.1818182 | H12: =IF(G12="","",ROUNDUP(ROUND((G12+0.01)*10,6),0)/10-0.01) -> 8.19 | K12: 8.99 | L12: =IF(OR(E12="",N(K12)=0),"",(K12-E12)/K12) -> 0.49944383 | M12: =IF(OR(N(E12)=0,N(K12)=0),"",(K12-E12)/E12) -> 0.99777778 | N12: 3 | O12: =IF(OR(N(K12)=0,N12=""),"",K12*N12) -> 26.97 | P12: =IF(OR(E12="",N(K12)=0,N12=""),"",(K12-E12)*N12) -> 13.47
E13: =IF(OR(C13="",N(D13)=0),"",C13/D13) | F13: =IF(B13="","",IFERROR(VLOOKUP(B13,Targets!A$2:B$40,2,FALSE),"")) | G13: =IF(OR(E13="",F13="",N(F13)>=1),"",E13/(1-F13)) | H13: =IF(G13="","",ROUNDUP(ROUND((G13+0.01)*10,6),0)/10-0.01) | L13: =IF(OR(E13="",N(K13)=0),"",(K13-E13)/K13) | M13: =IF(OR(N(E13)=0,N(K13)=0),"",(K13-E13)/E13) | O13: =IF(OR(N(K13)=0,N13=""),"",K13*N13) | P13: =IF(OR(E13="",N(K13)=0,N13=""),"",(K13-E13)*N13)
E14: =IF(OR(C14="",N(D14)=0),"",C14/D14) | F14: =IF(B14="","",IFERROR(VLOOKUP(B14,Targets!A$2:B$40,2,FALSE),"")) | G14: =IF(OR(E14="",F14="",N(F14)>=1),"",E14/(1-F14)) | H14: =IF(G14="","",ROUNDUP(ROUND((G14+0.01)*10,6),0)/10-0.01) | L14: =IF(OR(E14="",N(K14)=0),"",(K14-E14)/K14) | M14: =IF(OR(N(E14)=0,N(K14)=0),"",(K14-E14)/E14) | O14: =IF(OR(N(K14)=0,N14=""),"",K14*N14) | P14: =IF(OR(E14="",N(K14)=0,N14=""),"",(K14-E14)*N14)
E15: =IF(OR(C15="",N(D15)=0),"",C15/D15) | F15: =IF(B15="","",IFERROR(VLOOKUP(B15,Targets!A$2:B$40,2,FALSE),"")) | G15: =IF(OR(E15="",F15="",N(F15)>=1),"",E15/(1-F15)) | H15: =IF(G15="","",ROUNDUP(ROUND((G15+0.01)*10,6),0)/10-0.01) | L15: =IF(OR(E15="",N(K15)=0),"",(K15-E15)/K15) | M15: =IF(OR(N(E15)=0,N(K15)=0),"",(K15-E15)/E15) | O15: =IF(OR(N(K15)=0,N15=""),"",K15*N15) | P15: =IF(OR(E15="",N(K15)=0,N15=""),"",(K15-E15)*N15)
E16: =IF(OR(C16="",N(D16)=0),"",C16/D16) | F16: =IF(B16="","",IFERROR(VLOOKUP(B16,Targets!A$2:B$40,2,FALSE),"")) | G16: =IF(OR(E16="",F16="",N(F16)>=1),"",E16/(1-F16)) | H16: =IF(G16="","",ROUNDUP(ROUND((G16+0.01)*10,6),0)/10-0.01) | L16: =IF(OR(E16="",N(K16)=0),"",(K16-E16)/K16) | M16: =IF(OR(N(E16)=0,N(K16)=0),"",(K16-E16)/E16) | O16: =IF(OR(N(K16)=0,N16=""),"",K16*N16) | P16: =IF(OR(E16="",N(K16)=0,N16=""),"",(K16-E16)*N16)
E17: =IF(OR(C17="",N(D17)=0),"",C17/D17) | F17: =IF(B17="","",IFERROR(VLOOKUP(B17,Targets!A$2:B$40,2,FALSE),"")) | G17: =IF(OR(E17="",F17="",N(F17)>=1),"",E17/(1-F17)) | H17: =IF(G17="","",ROUNDUP(ROUND((G17+0.01)*10,6),0)/10-0.01) | L17: =IF(OR(E17="",N(K17)=0),"",(K17-E17)/K17) | M17: =IF(OR(N(E17)=0,N(K17)=0),"",(K17-E17)/E17) | O17: =IF(OR(N(K17)=0,N17=""),"",K17*N17) | P17: =IF(OR(E17="",N(K17)=0,N17=""),"",(K17-E17)*N17)
E18: =IF(OR(C18="",N(D18)=0),"",C18/D18) | F18: =IF(B18="","",IFERROR(VLOOKUP(B18,Targets!A$2:B$40,2,FALSE),"")) | G18: =IF(OR(E18="",F18="",N(F18)>=1),"",E18/(1-F18)) | H18: =IF(G18="","",ROUNDUP(ROUND((G18+0.01)*10,6),0)/10-0.01) | L18: =IF(OR(E18="",N(K18)=0),"",(K18-E18)/K18) | M18: =IF(OR(N(E18)=0,N(K18)=0),"",(K18-E18)/E18) | O18: =IF(OR(N(K18)=0,N18=""),"",K18*N18) | P18: =IF(OR(E18="",N(K18)=0,N18=""),"",(K18-E18)*N18)
E19: =IF(OR(C19="",N(D19)=0),"",C19/D19) | F19: =IF(B19="","",IFERROR(VLOOKUP(B19,Targets!A$2:B$40,2,FALSE),"")) | G19: =IF(OR(E19="",F19="",N(F19)>=1),"",E19/(1-F19)) | H19: =IF(G19="","",ROUNDUP(ROUND((G19+0.01)*10,6),0)/10-0.01) | L19: =IF(OR(E19="",N(K19)=0),"",(K19-E19)/K19) | M19: =IF(OR(N(E19)=0,N(K19)=0),"",(K19-E19)/E19) | O19: =IF(OR(N(K19)=0,N19=""),"",K19*N19) | P19: =IF(OR(E19="",N(K19)=0,N19=""),"",(K19-E19)*N19)
E20: =IF(OR(C20="",N(D20)=0),"",C20/D20) | F20: =IF(B20="","",IFERROR(VLOOKUP(B20,Targets!A$2:B$40,2,FALSE),"")) | G20: =IF(OR(E20="",F20="",N(F20)>=1),"",E20/(1-F20)) | H20: =IF(G20="","",ROUNDUP(ROUND((G20+0.01)*10,6),0)/10-0.01) | L20: =IF(OR(E20="",N(K20)=0),"",(K20-E20)/K20) | M20: =IF(OR(N(E20)=0,N(K20)=0),"",(K20-E20)/E20) | O20: =IF(OR(N(K20)=0,N20=""),"",K20*N20) | P20: =IF(OR(E20="",N(K20)=0,N20=""),"",(K20-E20)*N20)
E21: =IF(OR(C21="",N(D21)=0),"",C21/D21) | F21: =IF(B21="","",IFERROR(VLOOKUP(B21,Targets!A$2:B$40,2,FALSE),"")) | G21: =IF(OR(E21="",F21="",N(F21)>=1),"",E21/(1-F21)) | H21: =IF(G21="","",ROUNDUP(ROUND((G21+0.01)*10,6),0)/10-0.01) | L21: =IF(OR(E21="",N(K21)=0),"",(K21-E21)/K21) | M21: =IF(OR(N(E21)=0,N(K21)=0),"",(K21-E21)/E21) | O21: =IF(OR(N(K21)=0,N21=""),"",K21*N21) | P21: =IF(OR(E21="",N(K21)=0,N21=""),"",(K21-E21)*N21)
E22: =IF(OR(C22="",N(D22)=0),"",C22/D22) | F22: =IF(B22="","",IFERROR(VLOOKUP(B22,Targets!A$2:B$40,2,FALSE),"")) | G22: =IF(OR(E22="",F22="",N(F22)>=1),"",E22/(1-F22)) | H22: =IF(G22="","",ROUNDUP(ROUND((G22+0.01)*10,6),0)/10-0.01) | L22: =IF(OR(E22="",N(K22)=0),"",(K22-E22)/K22) | M22: =IF(OR(N(E22)=0,N(K22)=0),"",(K22-E22)/E22) | O22: =IF(OR(N(K22)=0,N22=""),"",K22*N22) | P22: =IF(OR(E22="",N(K22)=0,N22=""),"",(K22-E22)*N22)
E23: =IF(OR(C23="",N(D23)=0),"",C23/D23) | F23: =IF(B23="","",IFERROR(VLOOKUP(B23,Targets!A$2:B$40,2,FALSE),"")) | G23: =IF(OR(E23="",F23="",N(F23)>=1),"",E23/(1-F23)) | H23: =IF(G23="","",ROUNDUP(ROUND((G23+0.01)*10,6),0)/10-0.01) | L23: =IF(OR(E23="",N(K23)=0),"",(K23-E23)/K23) | M23: =IF(OR(N(E23)=0,N(K23)=0),"",(K23-E23)/E23) | O23: =IF(OR(N(K23)=0,N23=""),"",K23*N23) | P23: =IF(OR(E23="",N(K23)=0,N23=""),"",(K23-E23)*N23)
E24: =IF(OR(C24="",N(D24)=0),"",C24/D24) | F24: =IF(B24="","",IFERROR(VLOOKUP(B24,Targets!A$2:B$40,2,FALSE),"")) | G24: =IF(OR(E24="",F24="",N(F24)>=1),"",E24/(1-F24)) | H24: =IF(G24="","",ROUNDUP(ROUND((G24+0.01)*10,6),0)/10-0.01) | L24: =IF(OR(E24="",N(K24)=0),"",(K24-E24)/K24) | M24: =IF(OR(N(E24)=0,N(K24)=0),"",(K24-E24)/E24) | O24: =IF(OR(N(K24)=0,N24=""),"",K24*N24) | P24: =IF(OR(E24="",N(K24)=0,N24=""),"",(K24-E24)*N24)
... E300: =IF(OR(C300="",N(D300)=0),"",C300/D300) | F300: =IF(B300="","",IFERROR(VLOOKUP(B300,Targets!A$2:B$40,2,FALSE),"")) | G300: =IF(OR(E300="",F300="",N(F300)>=1),"",E300/(1-F300)) | H300: =IF(G300="","",ROUNDUP(ROUND((G300+0.01)*10,6),0)/10-0.01) | L300: =IF(OR(E300="",N(K300)=0),"",(K300-E300)/K300) | M300: =IF(OR(N(E300)=0,N(K300)=0),"",(K300-E300)/E300) | O300: =IF(OR(N(K300)=0,N300=""),"",K300*N300) | P300: =IF(OR(E300="",N(K300)=0,N300=""),"",(K300-E300)*N300)

Sheet Week
B1: Amount
A2: Sales a week | B2: =SUM(Prices!O2:O300) -> 1113.19
A3: Cost of what sold | B3: =B2-B4 -> 466.35
A4: Gross profit a week | B4: =SUM(Prices!P2:P300) -> 646.84
A5: Margin across these items | B5: =IF(N(B2)=0,"",B4/B2) -> 0.58106882
A7: A rounded price in red is above the competitor's: check whether the item can carry it.

Sheet Read me
A1: How to price convenience store items
A2: From the article: https://www.tarostack.com/articles/how-to-price-convenience-store-items
A4: Targets: a target margin for each category.
A5: Prices: one line for each item with its category, case cost and case pack. The unit cost, the category's target margin, the price at the target and that price rounded up to end in 9 fill in. Type a printed price if the pack has one, the competitor's price, your price and how many sell a week; the margin, markup, sales and gross profit fill in. A rounded price above the competitor's turns red.
A6: Week: sales, cost and gross profit for a week across the items, and the margin across them.
A7: The example is the article's made-up Memphis store.
A9: Works in Excel (2010 and later), Google Sheets, LibreOffice and Numbers. No macros.
A10: Free to use and change. Made by TaroStack, inventory and production software for small producers: https://www.tarostack.com
